 Dungeon Crawl Stone Soup version 0.30-a0-586-g23e55c9e0a (webtiles) character file.

Game seed: 14022392976483674609

364505 cforsyth the Wrestler (level 22, -8/205 HPs)
             Began as a Ghoul Monk on Jan 3, 2023.
             Was a High Priest of Okawaru.
             Killed from afar by a deep elf sorcerer (27 damage)
             ... with damnation
             ... on level 3 of the Elven Halls.
             The game lasted 02:07:55 (66948 turns).

cforsyth the Wrestler (Ghoul Monk)                 Turns: 66948, Time: 02:07:55

Health: -8/205     AC: 50    Str: 29    XL:     22   Next: 52%
Magic:  32/32      EV: 13    Int:  9    God:    Okawaru [*****.]
Gold:   5958       SH: 17    Dex: 11    Spells: 21/21 levels left

rFire   . . .      SeeInvis .      - Unarmed
rCold   + + .      Faith    .    R - +0 kite shield {AC+3}
rNeg    + + +      Spirit   .    E - +8 crystal plate armour of Conscience {+Inv rN+++ Str-2 Slay-4}
rPois   ∞          Reflect  +    V - +0 helmet of the Illusory Nights {rElec Int+5}
rElec   +          Harm     .    q - +2 cloak {rCorr}
rCorr   +          Rampage  .    Q - +0 pair of gloves "Neatios" {rC+ Will+ Str+7 Int-3}
Will    ++...                    D - +1 pair of boots Stlth
                                 L - amulet of reflection
HPRegen 0.00/turn                P - +4 ring of protection
MPRegen 0.23/turn                O - +5 ring of evasion

@: inhibited regen
A: claws 1, cold resistance 1, negative energy resistance 3, inhibited
regeneration, torment resistance 2, devour on kill
}: 2/15 runes: serpentine, barnacled
a: Renounce Religion, Evoke Invisibility, Heroism, Finesse, Duel


You were on level 3 of the Elven Halls.
You worshipped Okawaru.
Okawaru was extremely pleased with you.
You visited 8 branches of the dungeon, and saw 38 of its levels.
You also visited: Sewer and Ice Cave.

You collected 7260 gold pieces.
You spent 1302 gold pieces at shops.

Inventory:

Missiles
 g - 6 throwing nets (quivered)
Armour
 q - a +2 cloak of preservation (worn)
 A - a +2 pair of gloves
 D - a +1 pair of boots (worn)
 E - the +8 crystal plate armour of Conscience (worn) {+Inv rN+++ Str-2 Slay-4}
   (Okawaru gifted it to you on level 4 of the Vaults)

   Str:       It affects your strength (-2).
   Slay:      It affects your accuracy & damage with ranged weapons and melee
   (-4).
   rN:        It renders you almost immune to negative energy.
   +Inv:      It lets you turn invisible.
 Q - the +0 pair of gloves "Neatios" (worn) {rC+ Will+ Str+7 Int-3}
   (Okawaru gifted it to you on level 12 of the Dungeon)

   Str:       It affects your strength (+7).
   Int:       It affects your intelligence (-3).
   rC:        It protects you from cold.
   Will:      It increases your willpower.
 R - a +0 kite shield of protection (worn)
 U - a +0 pair of boots of stealth
 V - the +0 helmet of the Illusory Nights (worn) {rElec Int+5}
   (You bought it in a shop on level 1 of the Vaults)

   Int:       It affects your intelligence (+5).
   rElec:     It insulates you from electricity.
Jewellery
 m - an amulet of the acrobat
 o - a ring of see invisible
 F - a +6 ring of strength
 I - a ring of resist corrosion
 J - the ring of the Destroying Pariah {rF+ rN+ Int+2 Dex+2}
   (You found it on level 13 of the Dungeon)

   [ring of protection from fire]

   Int:       It affects your intelligence (+2).
   Dex:       It affects your dexterity (+2).
   rF:        It protects you from fire.
   rN:        It protects you from negative energy.
 L - an amulet of reflection (around neck)
 M - a ring of protection from cold
 O - a +5 ring of evasion (right hand)
 P - a +4 ring of protection (left hand)
 S - the necklace of Bloodlust {*Rage Will++ Int-3 Slay+6}
   (You took it off a centaur warrior on level 3 of the Shoals)

   [amulet of nothing]

   It extends the wearer's berserk rage when killing foes.
   Int:       It affects your intelligence (-3).
   Slay:      It affects your accuracy & damage with ranged weapons and melee
   (+6).
   *Rage:     It berserks you when you make melee attacks (+50% chance).
   Will:      It greatly increases your willpower.
 T - a ring of willpower
 X - a ring of magical power
 Z - a ring of protection from cold
Wands
 a - a wand of mindburst (15)
 s - a wand of flame (59)
 B - a wand of polymorph (10)
 C - a wand of iceblast (34)
 H - a wand of paralysis (37)
 K - a wand of digging (7)
 N - a wand of acid (10)
Scrolls
 d - 19 scrolls of teleportation
 e - 6 scrolls of fog
 h - 5 scrolls of poison
 i - 6 scrolls of vulnerability
 k - 4 scrolls of immolation
 t - 4 scrolls of fear
 v - 18 scrolls of identify
 x - 9 scrolls of magic mapping
 y - a scroll of torment
 G - 7 scrolls of blinking
 W - 5 scrolls of enchant armour
 Y - a scroll of amnesia
Potions
 b - 6 potions of attraction
 c - 2 potions of ambrosia
 f - 14 potions of heal wounds
 j - 12 potions of curing
 l - 3 potions of invisibility
 n - 3 potions of resistance
 p - 4 potions of brilliance
 r - 3 potions of magic
 u - 3 potions of flight
 w - 6 potions of haste
 z - 4 potions of cancellation


   Skills:
 + Level 19.0 Fighting
 + Level 17.3 Armour
 - Level 8.8 Dodging
 - Level 2.1 Stealth
 - Level 14.3 Shields
 + Level 24.1 Unarmed Combat
 - Level 15.2 Invocations


You had 21 spell levels left.
You didn't know any spells.
Your spell library contained the following spells:

 Spells                   Type           Power      Damage    Failure   Level
 Magic Dart               Conj           0%         1d3       100%        1
 Necrotise                Necr           0%         1d4       100%        1
 Blink                    Tloc           0%         N/A       100%        2
 Ensorcelled Hibernation  Hex/Ice        0%         N/A       100%        2
 Momentum Strike          Conj/Tloc      0%         3d8       100%        2
 Passwall                 Tmut/Erth      0%         N/A       100%        2
 Searing Ray              Conj           0%         2d4       100%        2
 Static Discharge         Conj/Air       0%         2-2/arc   100%        2
 Frozen Ramparts          Ice            0%         1d1       100%        3
 Gell's Gravitas          Tloc           0%         N/A       100%        3
 Inner Flame              Hex/Fire       0%         N/A       100%        3
 Lesser Beckoning         Tloc           0%         N/A       100%        3
 Mephitic Cloud           Conj/Pois/Air  0%         N/A       100%        3
 Ozocubu's Armour         Ice            0%         N/A       100%        3
 Swiftness                Air            0%         N/A       100%        3
 Teleport Other           Tloc           0%         N/A       100%        3
 Vampiric Draining        Necr           0%         2d6       100%        3
 Vhi's Electric Charge    Tloc/Air       0%         N/A       100%        3
 Anguish                  Hex/Necr       0%         N/A       100%        4
 Flame Wave               Conj/Fire      0%         2d4       100%        4
 Fulminant Prism          Conj/Hex       0%         3d5       100%        4
 Leda's Liquefaction      Hex/Erth       0%         N/A       100%        4
 Petrify                  Tmut/Erth      0%         N/A       100%        4
 Sticky Flame             Conj/Fire      0%         2d3       100%        4
 Agony                    Necr           0%         N/A       100%        5
 Arcjolt                  Conj/Air       0%         1d10      100%        5
 Borgnjor's Vile Clutch   Necr/Erth      0%         N/A       100%        5
 Lee's Rapid Deconstruct  Erth           0%         3d4*      100%        5
 Lightning Bolt           Conj/Air       0%         1d11      100%        5
 Metabolic Englaciation   Hex/Ice        0%         N/A       100%        5
 Dispersal                Tloc           0%         N/A       100%        6
 Enfeeble                 Hex            0%         N/A       100%        7
 Ozocubu's Refrigeration  Ice            0%         4d7       100%        7
 Call Imp                 Summ           Unusable   N/A       N/A         2
 Sublimation of Blood     Necr           Unusable   N/A       N/A         2
 Wereblood                Tmut           Unusable   N/A       N/A         2
 Animate Dead             Necr           Unusable   N/A       N/A         4
 Ice Form                 Ice/Tmut       Unusable   N/A       N/A         4
 Summon Ice Beast         Ice/Summ       Unusable   N/A       N/A         4
 Death Channel            Necr           Unusable   N/A       N/A         6
 Statue Form              Tmut/Erth      Unusable   N/A       N/A         6
 Summon Hydra             Summ           Unusable   N/A       N/A         7

Dungeon Overview and Level Annotations

Branches:
Dungeon (15/15)            Temple (1/1) D:7            Lair (5/5) D:9
 Shoals (4/4) Lair:3        Snake (4/4) Lair:2        Slime (0/5) Lair:5
    Orc (2/2) D:12            Elf (3/3) Orc:2        Vaults (4/5) D:13
  Crypt (0/3) Vaults:3     Depths (0/4) D:15          Sewer (visited)
  IceCv (visited)

Altars:
Dithmenos
Gozag
Kikubaaqudgha
Makhleb
Okawaru
Vehumet
Xom
Yredelemnul
Jiyva

Shops:
D:5 [   Orc:2 *:[(   Elf:1 (   Elf:2 *   Shoals:1 (   Vaults:1 ([[   Vaults:2 !

Annotations:
Elf:2 1 runed translucent door
Vaults:2 3 runed translucent doors, Ruyty's ghost, adept DsGl


Innate Abilities, Weirdness & Mutations

You are immune to poison.
You have sharp fingernails.
Your flesh is cold resistant. (rC+)
You are immune to negative energy. (rN+++)
You do not regenerate when monsters are visible.
You are immune to unholy pain and torment.
You thrive by killing the living.


Message History

The deep elf master archer wields a +0 longbow.
The deep elf master archer shoots an arrow.
The arrow hits you but does no damage.
You hear rumbling.
The deep elf sorcerer gestures at you while chanting.
The sphere of damnation explodes!
The damnation engulfs you!!
You hear a shout!
The deep elf sorcerer gestures at you while chanting.
The bolt of acid hits you but does no damage.
The deep elf sorcerer casts a spell at you.
The bolt of acid hits you! You resist.
The deep elf zephyrmancer gestures at you while chanting.
The bolt of lightning hits you. You resist.
You hear a shout!
The deep elf sorcerer's eyes start to glow.
The deep elf sorcerer gestures at you while chanting.
The sphere of damnation explodes!
The damnation engulfs you!!!
The deep elf sorcerer howls an incantation.
You feel troubled.
The deep elf sorcerer casts a spell at you.
You resist with almost no effort.
You hear rumbling.
The +0 heavy battleaxe hits you but does no damage.
You hear rumbling.
The +2 vampiric halberd hits you but does no damage.
The deep elf zephyrmancer mumbles some strange words.
The deep elf zephyrmancer blinks!
Things that are here:
a +0 short sword; an elf corpse The deep elf sorcerer gestures at you while chanting.
The sphere of damnation explodes!
The damnation engulfs you!!!
* * * LOW HITPOINT WARNING * * *
Blink to where?
Press: ? - help, Dir - move target
As you read the scroll of blinking, it crumbles to dust.
You hear rumbling. x2
There is a stone staircase leading up here.
The deep elf sorcerer casts a spell at you.
The sphere of damnation explodes!
The damnation engulfs you!!
You die...

.......#...# ..#
.......##.##...#######
...≈....#....# ...#...
^...........#.#.. ...#
.......)#....#.. #..#
........####...# #..#
########## ###........#...#
#..# #.........
##.##....#...####''###....e....
... #....##.##@....ee#)...e....
..#.
#...............(..)§)((..e # #
####.#####......).....e..e. #.#
#................. '.#
#................. .#.#
#................# ###.#
##.......#######'# ###
##......# #..# #''##### #..#


You could see 2 deep elf sorcerers and a +0 heavy battleaxe.

Vanquished Creatures
  Mennas (Vaults:2)
  Vashnia (Snake:2)
  Nikola (Vaults:4)
  An iron giant (shapeshifter) (D:13)
  Jorgrun (D:13)
  Rupert (D:15)
  Asterion (Elf:2)
  A titan (Shoals:4)
  4 sphinxes
  Kirke (Elf:1)
  Donald (Lair:2)
  A revenant (Vaults:2)
  4 nagarajas (Snake:4)
  9 vault wardens
  3 deep elf sorcerers (Elf:3)
  Louise (D:14)
  A frost giant (D:15)
  5 orc warlords
  Aizul (Vaults:4)
  2 deep elf elementalists (Elf:3)
  16 ironbound preservers
  A stone giant (Vaults:1)
  4 war gargoyles
  6 very ugly things
  The ghost of Iich the Severer, a journeyman DsFi of Gozag (Lair:4)
  7 ironbound thunderhulks
  A deep elf demonologist (Elf:3)
  Nessos (D:15)
  5 deep elf annihilators
  26 dire elephants
  Azrael (D:15)
  2 ettins
  A deep elf death mage (Elf:2)
  3 merfolk javelineers
  2 fire dragons
  2 eidola (Vaults:2)
  6 merfolk impalers
  An ettin (shapeshifter) (D:13)
  Josephine (D:15)
  An entropy weaver (Vaults:1)
  10 yaktaur captains
  5 great orbs of eyes
  A deep elf high priest (Vaults:1)
  5 hydras
  10 vault guards
  3 salamander tyrants
  3 peacekeepers
  An ice dragon (D:13)
  23 centaur warriors
  6 merfolk aquamancers
  12 ironbound frosthearts
  18 anacondas
  4 alligator snapping turtles
  9 two-headed ogres
  A radroach (shapeshifter) (D:14)
  6 boulder beetles
  3 ogre magi
  28 dancing weapons
  A death knight (D:12)
  4 merfolk avatars
  5 catoblepae
  3 satyrs
  3 death yaks (Lair:5)
  2 orc high priests
  Urug (Lair:2)
  14 naga warriors
  8 shock serpents
  6 tengu warriors
  10 naga sharpshooters
  8 deep elf knights
  Sonja (Orc:2)
  12 skeletal warriors
  21 sea snakes
  2 salamander mystics
  40 deep trolls
  7 orc knights
  13 lindwurms
  4 naga ritualists
  2 deep elf archers (Elf:1)
  21 deep elf zephyrmancers
  6 ironbound convokers
  2 phantasmal warriors
  9 wizards
  21 deep elf pyromancers
  3 necromancers (Elf:2)
  10 mana vipers
  9 harpies
  24 ugly things
  12 salamanders
  3 orc sorcerers (Orc:2)
  A wolf spider (D:13)
  8 fauns
  A wolf spider (shapeshifter) (Vaults:3)
  22 manticores
  9 cyclopes
  41 black mambas
  12 elephants
  9 naga magi
  4 guardian serpents
  A guardian serpent (shapeshifter) (D:14)
  Maggie (D:7)
  9 merfolk sirens
  2 gargoyles
  2 torpor snails
  3 unseen horrors
  18 vault sentinels
  12 water nymphs
  19 cane toads
  2 ice statues (IceCv)
  A kobold demonologist (D:14)
  3 rime drakes
  4 freezing wraiths
  3 efreet
  18 yaktaurs
  2 tengu conjurers
  6 komodo dragons
  41 merfolk
  3 meliai (D:13)
  A meliai (shapeshifter) (Vaults:1)
  6 trolls
  5 polar bears
  11 wind drakes
  5 blink frogs
  3 hornets
  A raiju (shapeshifter) (Elf:2)
  A dream sheep (shapeshifter) (D:12)
  A jumping spider (Vaults:1)
  6 snapping turtles
  6 dream sheep
  2 shadows
  36 slime creatures
  Sigmund (D:3)
  5 air elementals
  8 wraiths
  2 vampires
  33 water elementals
  7 wyverns
  3 humans (Elf:1)
  40 yaks
  2 fire elementals
  A wyvern (shapeshifter) (D:13)
  6 basilisks
  13 vampire mosquitoes
  A steam dragon (Lair:2)
  2 redbacks (Vaults:2)
  2 death yak simulacra (IceCv)
  4 wargs
  42 nagas
  Menkaure (D:4)
  4 acid dragons
  A hydra simulacrum (IceCv)
  A swamp drake (shapeshifter) (D:13)
  3 hell hounds (D:15)
  8 water moccasins
  A meliai simulacrum (D:13)
  A black bear (Lair:2)
  27 orc warriors
  3 sky beasts
  2 boggarts (Elf:1)
  5 ice beasts
  10 wolves
  13 ogres
  A phantom (D:5)
  12 centaurs
  5 elf zombies (Elf:2)
  6 kobold brigands
  4 bullfrogs (Lair:4)
  An earth elemental (Elf:2)
  A gnoll sergeant (D:12)
  3 scorpions
  5 necrophages
  8 wights
  17 killer bees
  7 howler monkeys
  5 electric eels
  3 hounds
  5 jellies
  22 orc priests
  3 gnoll boudas
  Jessica (D:3)
  5 iguanas
  24 orc wizards
  Ijyb (D:3)
  Natasha (thrice) (D:3)
  5 hell rats (Lair:4)
  A polar bear simulacrum (IceCv)
  Robin (D:3)
  28 gnolls
  11 adders
  A shadow imp (D:6)
  9 white imps
  2 ufetubi (D:13)
  6 worms
  A dart slug (D:1)
  86 orcs
  16 ball pythons
  13 endoplasms
  4 giant cockroaches
  9 hobgoblins
  2 quokkas
  6 bats
  5 frilled lizards
  11 goblins
  20 kobolds
  8 rats
1544 creatures vanquished.

Vanquished Creatures (others)
  A vault warden (Vaults:3)
  An ettin (Vaults:3)
  A naga ritualist (Snake:3)
  2 ironbound convokers (Vaults:3)
  A deep elf zephyrmancer (Elf:1)
  A deep elf pyromancer (D:13)
  A tengu conjurer (D:13)
  A centaur simulacrum (D:15)
  An orc warrior (Orc:2)
  A boggart (D:13)
  A howler monkey (D:14)
  13 fungi
  174 plants
199 creatures vanquished.

Grand Total: 1743 creatures vanquished

Notes
Turn   | Place    | Note
-------+----------+-------------------------------------------
     0 | D:1      | cforsyth the Ghoul Monk began the quest for the Orb.
     0 | D:1      | Reached XP level 1. HP: 19/19 MP: 0/0
   207 | D:1      | Reached XP level 2. HP: 24/26 MP: 1/1
   574 | D:1      | Reached XP level 3. HP: 33/33 MP: 2/2
   875 | D:2      | Reached skill level 4 in Unarmed Combat
  1428 | D:2      | Reached XP level 4. HP: 41/41 MP: 3/3
  1770 | D:2      | Reached skill level 1 in Armour
  1770 | D:2      | Reached XP level 5. HP: 47/47 MP: 4/4
  1803 | D:3      | Noticed Ijyb
  1813 | D:3      | Killed Ijyb
  1891 | D:3      | Noticed Sigmund
  1906 | D:3      | Killed Sigmund
  1907 | D:3      | Reached skill level 5 in Fighting
  1907 | D:3      | Reached skill level 5 in Unarmed Combat
  1907 | D:3      | Reached XP level 6. HP: 35/56 MP: 5/5
  1958 | D:3      | Noticed Jessica
  1974 | D:3      | Killed Jessica
  2235 | D:3      | Noticed Natasha
  2470 | D:3      | Killed Natasha
  2717 | D:3      | Noticed Robin
  2722 | D:3      | Killed Robin
  2723 | D:3      | Reached XP level 7. HP: 62/62 MP: 6/6
  3119 | D:3      | Noticed Natasha
  3131 | D:3      | Killed Natasha
  3192 | D:3      | Noticed Natasha
  3204 | D:3      | Killed Natasha
  3353 | D:4      | Reached skill level 6 in Unarmed Combat
  3362 | D:4      | Noticed Menkaure
  3368 | D:4      | Killed Menkaure
  4139 | D:4      | Noticed a hornet
  4638 | D:4      | Reached XP level 8. HP: 71/71 MP: 7/7
  4650 | D:4      | Found a shadowy altar of Dithmenos.
  4796 | D:5      | Entered Level 5 of the Dungeon
  4808 | D:5      | Killed a hornet
  4809 | D:5      | Reached skill level 7 in Unarmed Combat
  5293 | D:4      | Found a burning altar of Makhleb.
  5630 | D:5      | Reached skill level 5 in Armour
  5738 | D:5      | Reached skill level 8 in Unarmed Combat
  5738 | D:5      | Reached XP level 9. HP: 81/81 MP: 8/8
  5741 | D:5      | Found Sotyny's Antique Armour Boutique.
  6688 | D:6      | Found a glowing drain.
  6746 | Sewer    | Entered a sewer
  7086 | Sewer    | Reached skill level 9 in Unarmed Combat
  8281 | D:7      | Noticed Maggie
  8305 | D:7      | Killed Maggie
  8306 | D:7      | Reached XP level 10. HP: 9/91 MP: 9/9
  8575 | D:7      | Found a staircase to the Ecumenical Temple.
  8584 | Temple   | Entered the Ecumenical Temple
  8638 | Temple   | Became a worshipper of Warmaster Okawaru
  8638 | Temple   | Reached * piety under Okawaru
  8638 | Temple   | Reached ** piety under Okawaru
  9192 | D:7      | Reached skill level 10 in Fighting
  9192 | D:7      | Reached skill level 10 in Unarmed Combat
 10204 | D:9      | Noticed an ogre mage
 10212 | D:9      | Reached *** piety under Okawaru
 10217 | D:9      | Killed an ogre mage
 10321 | D:9      | Noticed a skeletal warrior
 10332 | D:9      | Killed a skeletal warrior
 10496 | D:9      | Reached **** piety under Okawaru
 10503 | D:9      | Reached skill level 11 in Unarmed Combat
 10503 | D:9      | Reached XP level 11. HP: 68/102 MP: 10/10
 10685 | D:9      | Identified the +1 robe of the Tundras {*Corrode rElec Dex+6
                  | SInv}
 11007 | D:9      | Found a staircase to the Lair.
 11104 | D:9      | Received a gift from Okawaru
 11509 | D:10     | Entered Level 10 of the Dungeon
 12018 | D:10     | Reached ***** piety under Okawaru
 12135 | D:10     | Reached skill level 12 in Unarmed Combat
 12695 | D:11     | Noticed a two-headed ogre
 12705 | D:11     | Killed a two-headed ogre
 12705 | D:11     | Received a gift from Okawaru
 12769 | D:11     | Identified the +7 trident of Springtime {drain, Dex+4 SInv}
 12790 | D:11     | Noticed a two-headed ogre
 12809 | D:11     | Killed a two-headed ogre
 12810 | D:11     | Reached XP level 12. HP: 81/113 MP: 11/11
 13022 | D:11     | Reached skill level 10 in Armour
 13032 | D:11     | Noticed a five-headed hydra
 13033 | D:11     | Noticed a two-headed ogre
 13585 | D:11     | Reached skill level 13 in Unarmed Combat
 13605 | D:11     | Noticed a boulder beetle
 13948 | D:11     | Killed a five-headed hydra
 13980 | D:11     | Killed a boulder beetle
 14211 | D:12     | Found a staircase to the Orcish Mines.
 14236 | D:12     | Reached ****** piety under Okawaru
 14820 | D:12     | Identified the +0 pair of gloves "Neatios" {rC+ Will+ Str+7
                  | Int-3} (Okawaru gifted it to you on level 12 of the
                  | Dungeon)
 14820 | D:12     | Received a gift from Okawaru
 14992 | D:12     | Noticed a two-headed ogre
 14997 | D:12     | Killed a two-headed ogre
 15203 | D:12     | Noticed a boulder beetle
 15272 | D:12     | Reached skill level 1 in Shields
 15458 | D:12     | Killed a boulder beetle
 15760 | D:12     | Reached XP level 13. HP: 118/123 MP: 12/12
 15994 | D:13     | Reached skill level 14 in Unarmed Combat
 16018 | D:13     | Noticed Jorgrun
 16063 | D:13     | Found a frozen archway.
 16064 | D:13     | Noticed an ice dragon
 16066 | IceCv    | Entered an ice cave
 16301 | IceCv    | Found a transporter.
 16310 | IceCv    | Found a transporter.
 16738 | IceCv    | Reached skill level 1 in Invocations
 16835 | D:13     | Killed Jorgrun
 17161 | D:13     | Identified the +5 long sword "Jecoq" {flame, rPois rC-
                  | MP+9} (Okawaru gifted it to you on level 13 of the Dungeon)
 17161 | D:13     | Received a gift from Okawaru
 17978 | D:13     | Received a gift from Okawaru
 17999 | D:13     | Found a gate to the Vaults.
 17999 | D:13     | Noticed a vault guard
 17999 | D:13     | Noticed a vault guard
 17999 | D:13     | Noticed a vault guard
 17999 | D:13     | Noticed a vault guard
 18042 | D:12     | Killed a vault guard
 18098 | D:12     | Killed a vault guard
 18253 | D:12     | Killed a vault guard
 19021 | D:13     | Reached XP level 14. HP: 117/133 MP: 16/16
 19105 | D:13     | Reached skill level 5 in Shields
 19359 | D:13     | Reached skill level 5 in Invocations
 19451 | D:13     | Reached skill level 15 in Unarmed Combat
 19790 | D:13     | Found a runed translucent door.
 19791 | D:13     | Found a runed translucent door.
 19792 | D:13     | Found a runed translucent door.
 20952 | D:14     | Identified the +6 tower shield "Carifoash" {Harm Drain rC-
                  | Regen+}
 20952 | D:14     | Noticed Louise
 22346 | D:14     | Killed Louise
 22346 | D:14     | Identified the +2 lajatang of Inquiry {freeze, rN+}
                  | (Okawaru gifted it to you on level 14 of the Dungeon)
 22346 | D:14     | Received a gift from Okawaru
 22558 | D:13     | Noticed an emperor scorpion
 22560 | D:13     | Noticed a broodmother
 22560 | D:13     | a broodmother changed into a glowing orange brain
 23260 | D:14     | You fall into a shaft and drop 1 floor!
 23260 | D:15     | Entered Level 15 of the Dungeon
 23292 | D:15     | Found a shimmering altar of Xom.
 23734 | D:15     | Noticed Nessos
 23751 | D:15     | Killed Nessos
 23752 | D:15     | Reached skill level 16 in Unarmed Combat
 24753 | D:15     | Reached XP level 15. HP: 130/139 MP: 18/20
 24989 | D:15     | Noticed Josephine
 25008 | D:15     | Killed Josephine
 25009 | D:15     | Received a gift from Okawaru
 25275 | D:15     | Noticed Azrael
 25275 | D:15     | Noticed Rupert
 25438 | D:15     | Identified a scroll of acquirement
 25439 | D:15     | Acquired 887 gold pieces
 25767 | D:15     | Killed Azrael
 26087 | D:15     | Found a staircase to the Depths.
 26087 | D:15     | Noticed a frost giant
 26098 | D:15     | Killed a frost giant
 26884 | Lair:1   | Entered Level 1 of the Lair of Beasts
 27293 | Lair:1   | Reached skill level 10 in Invocations
 27299 | Lair:1   | Reached skill level 17 in Unarmed Combat
 28494 | Lair:2   | Found a staircase to the Snake Pit.
 28497 | Lair:2   | You fall into a shaft and drop 2 floors!
 28635 | Lair:3   | Reached skill level 18 in Unarmed Combat
 28984 | Lair:2   | Noticed Urug
 28993 | Lair:2   | Killed Urug
 29458 | Lair:3   | Found a staircase to the Shoals.
 30175 | Lair:3   | Received a gift from Okawaru
 30493 | Lair:4   | Found an iron altar of Okawaru.
 30733 | Lair:4   | Found a runed translucent gate.
 30739 | Lair:4   | Found a runed translucent gate.
 30739 | Lair:4   | Found a runed translucent gate.
 30740 | Lair:4   | Noticed Iich's ghost (journeyman DsFi)
 31167 | Lair:5   | Entered Level 5 of the Lair of Beasts
 31376 | Lair:5   | Found a viscous altar of Jiyva.
 31376 | Lair:5   | Found a staircase to the Slime Pits.
 31812 | Lair:5   | Reached XP level 16. HP: 131/147 MP: 22/22
 32262 | Lair:5   | Reached skill level 19 in Unarmed Combat
 32702 | Lair:4   | Killed Iich's ghost
 33264 | Snake:1  | Entered Level 1 of the Snake Pit
 33266 | Snake:1  | Noticed Donald
 33403 | Lair:2   | Killed Donald
 33782 | Snake:1  | Reached skill level 10 in Shields
 34639 | Snake:2  | Received a gift from Okawaru
 35348 | Snake:2  | Noticed Vashnia
 35459 | Snake:2  | Killed Vashnia
 35459 | Snake:2  | Received a gift from Okawaru
 35460 | Snake:2  | Reached skill level 20 in Unarmed Combat
 35864 | Snake:2  | Reached XP level 17. HP: 123/138 MP: 23/23
 38972 | Snake:4  | Entered Level 4 of the Snake Pit
 38989 | Snake:3  | Received a gift from Okawaru
 39382 | D:5      | Bought a pair of runed boots for 225 gold pieces
 40687 | Snake:4  | Identified the +3 scale mail "Haecryf" {rN+ Str+3} (Okawaru
                  | gifted it to you on level 4 of the Snake Pit)
 40687 | Snake:4  | Received a gift from Okawaru
 40942 | Snake:4  | Reached skill level 21 in Unarmed Combat
 41106 | Snake:4  | Reached XP level 18. HP: 115/162 MP: 25/25
 41223 | Snake:4  | Got a serpentine rune of Zot
 41586 | Shoals:1 | Entered Level 1 of the Shoals
 41786 | Shoals:1 | Found Cetogueli's Antique Weapon Boutique.
 42937 | Shoals:2 | Found a transporter.
 42940 | Shoals:2 | Found a transporter.
 43073 | Shoals:2 | Found a transporter.
 43076 | Shoals:2 | Found a transporter.
 43253 | Shoals:2 | Found a transporter.
 43278 | Shoals:2 | Found a transporter.
 43779 | Shoals:3 | Reached skill level 22 in Unarmed Combat
 44101 | Shoals:3 | Received a gift from Okawaru
 45583 | Shoals:3 | Received a gift from Okawaru
 45584 | Shoals:3 | Reached skill level 23 in Unarmed Combat
 45796 | Shoals:4 | Entered Level 4 of the Shoals
 46052 | Shoals:4 | Paralysed by an air elemental for 1 turns
 47064 | Shoals:4 | Reached skill level 15 in Fighting
 47138 | Shoals:4 | Identified the +2 pair of gloves "Plog" {rC+ MP+9 Dex+2}
                  | (Okawaru gifted it to you on level 4 of the Shoals)
 47138 | Shoals:4 | Received a gift from Okawaru
 47194 | Shoals:4 | Noticed a titan
 47214 | Shoals:4 | Killed a titan
 47592 | Shoals:4 | Reached XP level 19. HP: 80/170 MP: 27/27
 47942 | Shoals:4 | Got a barnacled rune of Zot
 48467 | Shoals:4 | Paralysed by an air elemental for 1 turns
 48470 | Shoals:4 | Paralysed by an air elemental for 1 turns
 49111 | Vaults:1 | Entered Level 1 of the Vaults
 49823 | Vaults:1 | Found Gozag's Antique Armour Shop.
 49828 | Vaults:1 | Found an opulent altar of Gozag.
 49828 | Vaults:1 | Found Gozag's Antique Weapon Shop.
 49831 | Vaults:1 | Bought a translucent helmet for 950 gold pieces
 49831 | Vaults:1 | Identified the +0 helmet of the Illusory Nights {rElec
                  | Int+5} (You bought it in a shop on level 1 of the Vaults)
 49855 | Vaults:1 | Found Gozag's Antique Armour Boutique.
 50659 | Vaults:1 | Reached skill level 5 in Dodging
 51457 | Vaults:1 | Received a gift from Okawaru
 52835 | Vaults:1 | Received a gift from Okawaru
 53361 | Vaults:2 | Upgraded the game from 0.30-a0-585-g93115170b9 to
                  | 0.30-a0-586-g23e55c9e0a
 53442 | Vaults:2 | Reached XP level 20. HP: 159/180 MP: 29/29
 53455 | Vaults:2 | Found Uteanyh's Distillery.
 53486 | Vaults:2 | Reached skill level 15 in Armour
 54299 | Vaults:2 | Noticed Mennas
 54330 | Vaults:2 | Killed Mennas
 54590 | Vaults:2 | Received a gift from Okawaru
 54955 | Vaults:2 | Found a runed translucent gate.
 54956 | Vaults:2 | Found a runed translucent gate.
 54956 | Vaults:2 | Found a runed translucent gate.
 54956 | Vaults:2 | Noticed Ruyty's ghost (adept DsGl)
 56038 | Vaults:3 | Received a gift from Okawaru
 56162 | Vaults:3 | Identified the +1 plate armour "Ygurrag" {rN++ Stlth-}
                  | (Okawaru gifted it to you on level 3 of the Vaults)
 56162 | Vaults:3 | Received a gift from Okawaru
 56751 | Vaults:3 | Reached XP level 21. HP: 92/191 MP: 31/31
 56981 | Vaults:3 | Identified the +0 pair of gloves "Qyt Adun" {rF+}
 57097 | Vaults:3 | You fall into a shaft and drop 1 floor!
 57138 | Vaults:3 | Noticed Nikola
 57523 | Vaults:4 | Killed Nikola
 57826 | Vaults:3 | Identified the +1 chain mail of Faefoqoxu {Will+ Int+4
                  | Stlth-}
 57889 | Vaults:3 | Found a staircase to the Crypt.
 57889 | Vaults:3 | Found a basalt altar of Yredelemnul.
 57890 | Vaults:3 | Found an ancient bone altar of Kikubaaqudgha.
 58571 | Vaults:4 | Reached skill level 15 in Invocations
 59195 | Vaults:4 | Identified the +8 crystal plate armour of Conscience {+Inv
                  | rN+++ Str-2 Slay-4} (Okawaru gifted it to you on level 4 of
                  | the Vaults)
 59195 | Vaults:4 | Received a gift from Okawaru
 59531 | Vaults:4 | Noticed Aizul
 59544 | Vaults:4 | Killed Aizul
 60511 | D:13     | Identified the ring "Viwozeu" {*Corrode rF+ rN+ Dex+5 SInv}
 60542 | D:13     | Identified the amulet "Lamn" {Acrobat +Inv rElec}
 60550 | D:13     | Identified the ring of the Destroying Pariah {rF+ rN+ Int+2
                  | Dex+2}
 60556 | D:13     | Identified the ring "Uzajoxah" {rPois Int+6 Stlth+}
 61356 | D:15     | Killed Rupert
 61934 | Orc:1    | Entered Level 1 of the Orcish Mines
 62004 | Orc:2    | Entered Level 2 of the Orcish Mines
 62227 | Orc:2    | Noticed Sonja
 62274 | Orc:2    | Killed Sonja
 62430 | Orc:2    | Found a staircase to the Elven Halls.
 62437 | Orc:2    | Found Muimeeza's General Store.
 62728 | Orc:2    | Bought a scroll of blinking for 127 gold pieces
 62737 | Orc:2    | Found Micrul's Antique Armour Shop.
 62762 | Orc:2    | Found Fasax's Antique Weapon Shop.
 62786 | Orc:2    | Found Jistrae's Book Shop.
 63363 | Elf:1    | Entered Level 1 of the Elven Halls
 63458 | Elf:1    | Found Fapuawk's Weapon Boutique.
 63656 | Elf:1    | Noticed Kirke
 63670 | Elf:1    | Killed Kirke
 63715 | Elf:1    | Identified the +6 spear of Courage {flame, Str+4}
 63851 | Elf:1    | Paralysed by an air elemental for 1 turns
 63860 | Elf:1    | Reached XP level 22. HP: 180/202 MP: 32/32
 63875 | Elf:1    | Identified the +3 spear "Bocradwe" {pain, *Rage rCorr Str+3
                  | Dex+4} (Okawaru gifted it to you on level 1 of the Elven
                  | Halls)
 63875 | Elf:1    | Received a gift from Okawaru
 64754 | Elf:2    | Noticed Asterion
 64776 | Elf:2    | Killed Asterion
 64961 | Elf:2    | Found Qusitos's Assorted Antiques.
 65385 | Elf:2    | Found a runed translucent door.
 65409 | Elf:2    | Found a runed translucent door.
 66174 | Elf:2    | Received a gift from Okawaru
 66498 | Elf:3    | Entered Level 3 of the Elven Halls
 66631 | Elf:3    | Reached skill level 24 in Unarmed Combat
 66948 | Elf:3    | Killed from afar by a deep elf sorcerer

Illustrated notes

Levels and vault maps discovered:
D:1:      noname_arrival_rooms_in_the_neighbourhood, layout_basic
D:2:      layout_loops_ring, grunt_ministairs_1
D:3:      layout_basic, uniq_robin, uniq_sigmund, uniq_jessica, uniq_natasha,
          uniq_ijyb
D:4:      layout_loops_ring, mainiacjoe_overflow_big_doors,
          minmay_fractal_squares_5, uniq_menkaure
D:5:      layout_loops_ring, serial_shops, nicolae_shop_behind_doors,
          st_stairs_14
D:6:      layout_loops_ring, portal_sewer_entry_a, minmay_misc_feat_roman
D:7:      layout_basic, minmay_temple_entry_antechambers,
          minmay_fractal_squares_gapless_5, uniq_maggie
D:8:      layout_basic
D:9:      layout_roguey, minmay_lair_entry_grove, minmay_three_doors
D:10:     layout_basic
D:11:     minmay_clustersquares, layout_rooms
D:12:     layout_basic, orc_0_dummy
D:13:     minmay_the_grid_triangle_9x9_recursive_3
          [minmay_the_grid_triangle_9x9_fully_insulated_deathbox,
          minmay_the_grid_triangle_9x9_negative_grid,
          minmay_the_grid_triangle_9x9_cache,
          minmay_the_grid_triangle_9x9_prize_special,
          minmay_the_grid_triangle_9x9_impossible_snake,
          minmay_the_grid_triangle_9x9_zippers_vertical,
          minmay_the_grid_triangle_9x9_limited_checkers,
          minmay_the_grid_triangle_9x9_warning,
          minmay_the_grid_triangle_9x9_skeleton], layout_loops_ring,
          lightli_vaults_fourway_checkpoint, serial_ice, serial_ice_a,
          serial_ice_f, serial_ice_l, serial_ice_e,
          portal_ice_cave_entry_animals_and_master, uniq_jorgrun
D:14:     minmay_recursive_quarters, layout_irregular_city, serial_bayou,
          serial_bayou_shore_a, serial_bayou_lagoon_a, serial_bayou_shore_b,
          serial_bayou_pond_b, serial_bayou_crossing, serial_bayou_shore_b,
          uniq_louise
D:15:     grunt_enter_depths_snipers, layout_basic, xom_teletrap_fun,
          uniq_azrael, uniq_josephine, uniq_nessos, uniq_rupert
Temple:   mainiacjoe_temple_cubbyholes
Lair:1:   layout_regular_city, grunt_megastairs_2
Lair:2:   layout_chaotic_city, minmay_snake_entry_guardpost_small,
          columned_hall_lemuel, uniq_urug
Lair:3:   layout_cave_pods, elwin_shoals_entry_stream, serial_bayou_shore_b
Lair:4:   layout_regular_city, gammafunk_ghost_split, basic_altar, st_stairs_7,
          grunt_megastairs_5
Lair:5:   hangedman_lair_in_review, layout_long_grid,
          minmay_slime_entry_pillars, chequers_serial_rivers_micro_b,
          grunt_megastairs_3
Shoals:1: layout_shoals, serial_shops, shop, nicolae_shoals_wave_tunnel
Shoals:2: layout_shoals, serial_nicolae_subway, nicolae_sub_station_metal,
          nicolae_sub_station_stone, nicolae_sub_station_crystal
Shoals:3: layout_shoals, nicolae_shoals_water_shrine
Shoals:4: shoals_end_hellmonk_storm_palace [storm_palace_center_circular,
          storm_palace_corner_grid, storm_palace_corner_pillars,
          storm_palace_corner_blocked, storm_palace_corner_pillars],
          serial_shops
Snake:1:  layout_honeycomb, uniq_donald
Snake:2:  layout_misc_corridors, uniq_vashnia
Snake:3:  layout_misc_corridors, minmay_snake_pond
Snake:4:  grunt_snake_rune_pools, layout_rooms
Orc:1:    layout_diamond_mine
Orc:2:    grunt_orc_cross, layout_caves, special_room, uniq_sonja
Elf:1:    eino_elf_arrival_shootout, layout_onion_city, serial_shops,
          nicolae_shop_bloodbath_and_beyond, hangedman_elf_disciples, uniq_kirke
Elf:2:    nicolae_elf_blades_splatter_lattice
          [nicolae_blade_entry_splitting_headache], layout_onion_city,
          serial_shops, nicolae_shop_crystal, minmay_elf_necromancy,
          uniq_asterion
Elf:3:    minmay_elf_hall_x, layout_gridlike, special_room [special_room_orc],
          hangedman_decor_cross_pass, minmay_shop_grove
Vaults:1: vaults_mumra_hexcomb, nicolae_vaults_angled_halls,
          kennysheep_vaults_gozag_temple, vaults_room_grunt_arrival_checkpoint,
          grunt_vaults_bifocal, hangedman_vaults_nails,
          ontoclasm_vaults_gateway, v_alt_pattern_1,
          hangedman_vaults_variations, nicolae_vaults_mini_display_case,
          nicolae_vaults_diagonal_hallway_7, layout_vaults_chaotic_city
Vaults:2: gammafunk_ghost_spectres, nicolae_vaults_halls_meeting, v_pattern_1,
          hangedman_vaults_stitches, vaults_dpeg_hooks,
          nicolae_vaults_three_branches, vaults_standard_mumra_x,
          ontoclasm_vaults_misaligned, vaults_room_pools, v_alt_pattern_5,
          ontoclasm_vaults_loading_screen, nicolae_vaults_alarming,
          layout_vaults_ring, serial_shops, nicolae_shop_hallway_plus,
          uniq_mennas
Vaults:3: minmay_crypt_entry_necro_gods, nicolae_vaults_fighting_squares,
          nicolae_vaults_specimen_jars, ontoclasm_vaults_eye,
          grunt_vaults_trifunnel, hangedman_vaults_locks,
          nicolae_vaults_triangles, vaults_room_corners, v_misc_25,
          nicolae_vaults_angled_halls, layout_vaults_omnibox, uniq_nikola
Vaults:4: grunt_vaults_funnel, hangedman_vaults_pinch,
          nicolae_vaults_network_quincunx
          [nicolae_vaults_network_quincunx_subvault,
          nicolae_vaults_network_quincunx_subvault,
          nicolae_vaults_network_quincunx_subvault,
          nicolae_vaults_network_quincunx_subvault,
          nicolae_vaults_network_quincunx_subvault], v_misc_25,
          ontoclasm_vaults_misaligned, hangedman_vaults_corner, v_alt_pattern_2,
          v_misc_5, vaults_room_pool, nicolae_vaults_little_squares_2,
          vaults_mumra_bighexcomb, vaults_dpeg_ring,
          nicolae_vaults_back_hallway, layout_vaults_omnicross, uniq_aizul

Skill      XL: |  1  2  3  4  5  6  7  8  9 10 11 12 13 14 15 16 17 18 19 20 21 22 |
---------------+-------------------------------------------------------------------+-----
Fighting       | 4 5 6 8 9 11 12 13 14 15 16 17 18 19 | 19.0
Unarmed Combat | 4 5 6 8 9 11 12 13 14 16 18 20 21 23 24 | 24.1
Armour         | 1 2 3 5 6 8 9 11 12 14 15 16 17 | 17.3
Shields        | 1 4 7 8 11 12 13 14 | 14.3
Invocations    | 4 8 10 11 12 13 14 15 | 15.2
Dodging        | 3 6 8 |  8.8
Stealth        | |  2.1

Action                   |  1- 3 |  4- 6 |  7- 9 | 10-12 | 13-15 | 16-18 | 19-21 | 22-24 || total
-------------------------+-------+-------+-------+-------+-------+-------+-------+-------++-------
Melee: Unarmed           |   115 |   108 |   586 |   759 |  1304 |  1793 |  2037 |   403 ||  7105
       Punch             |     3 |     3 |    24 |    56 |       |       |       |     1 ||    87
Invok: Heroism           |       |       |       |     3 |    21 |     7 |    20 |     3 ||    54
       Finesse           |       |       |       |       |       |       |     1 |       ||     1
Evoke: Wand              |       |       |       |       |       |       |       |     3 ||     3
  Use: Scroll            |       |       |     9 |     7 |    16 |     4 |     2 |     2 ||    40
       Potion            |       |       |     3 |       |     1 |       |     3 |       ||     7
 Stab: Sleeping          |     6 |       |       |       |       |       |       |       ||     6
       Petrified         |       |       |       |       |       |     7 |       |       ||     7
       Distracted        |       |       |       |       |       |     2 |       |       ||     2
       Confused          |       |       |       |       |       |       |     1 |       ||     1
Armor: Robe              |    14 |       |       |       |       |       |       |       ||    14
       Ring mail         |       |    32 |       |       |       |       |       |       ||    32
       Chain mail        |       |     3 |   238 |    73 |   250 |   340 |       |       ||   904
       Plate armour      |       |       |       |   338 |   333 |   121 |   498 |       ||  1290
       Crystal plate arm |       |       |       |       |       |       |   199 |   136 ||   335
Dodge: Dodged            |    71 |    65 |   246 |   303 |   498 |   569 |   632 |   105 ||  2489
       Repelled          |       |       |       |       |     9 |    22 |       |       ||    31
Block: Other             |       |       |       |    94 |       |       |       |     2 ||    96
       Reflection        |       |       |       |     9 |    25 |   155 |    87 |     8 ||   284
       Buckler           |       |       |       |    18 |   576 |    23 |       |       ||   617
       Tower shield      |       |       |       |       |       |   476 |       |       ||   476
       Kite shield       |       |       |       |       |       |  1093 |  1479 |   235 ||  2807

Table legend: (Time is in decaauts)
 A = Elapsed time spent in this place.
 B = Non-inter-level travel time spent in this place.
 C = Inter-level travel time spent in this place.
 D = Time resting spent in this place.
 E = Time spent auto-exploring this place.
 F = Levels seen in this place.
 G = Mean time per level.
                   A        B        C        D        E       F      G
               +--------+--------+--------+--------+--------+-----+--------+
         Total |  65626 |  61493 |   4133 |  18198 |  29410 |  40 | 1640.7 |
       Dungeon |  27830 |  25518 |   2312 |   7950 |  12053 |  15 | 1855.3 |
        Temple |     78 |     54 |     24 |      0 |     46 |   1 |   78.0 |
          Lair |   6605 |   5911 |    694 |    820 |   4260 |   5 | 1321.0 |
        Shoals |   7617 |   7349 |    268 |   2401 |   2718 |   4 | 1904.2 |
     Snake Pit |   7540 |   7284 |    256 |   3010 |   2522 |   4 | 1885.0 |
  Orcish Mines |   1330 |   1290 |     40 |      0 |    877 |   2 |  665.0 |
   Elven Halls |   3404 |   3181 |    223 |    325 |   2097 |   3 | 1134.7 |
        Vaults |  10009 |   9696 |    313 |   3051 |   4640 |   4 | 2502.2 |
         Sewer |    485 |    485 |      0 |     32 |    189 |   1 |  485.0 |
      Ice Cave |    723 |    723 |      0 |    607 |      6 |   1 |  723.0 |
               +--------+--------+--------+--------+--------+-----+--------+

Top non-repeatable levels by time:
    D:13: 5323 daAuts
Vaults:1: 4366 daAuts
    D:15: 2965 daAuts
    D:12: 2788 daAuts
Shoals:4: 2528 daAuts
Shoals:3: 2326 daAuts
    D:14: 2290 daAuts
Vaults:4: 2121 daAuts
 Snake:3: 2069 daAuts
 Snake:2: 2033 daAuts
    D:11: 1962 daAuts
   Elf:2: 1900 daAuts
Vaults:2: 1899 daAuts
     D:4: 1771 daAuts
 Snake:1: 1729 daAuts
